 Dungeon Crawl Stone Soup version 0.18-a0-1666-g3ea6f2b (webtiles) character file.

646 Yawgmoth the Digger (level 7, -3/41 HPs)
             Began as a Gargoyle Earth Elementalist on Mar 31, 2016.
             Was an Initiate of Vehumet.
             Shot with an arrow by a centaur (6 damage)
             ... on level 5 of the Dungeon.
             The game lasted 00:22:32 (5096 turns).

Yawgmoth the Digger (Gargoyle Earth Elementalist)   Turns: 5096, Time: 00:22:33

Health: -3/41      AC:  9    Str: 12    XL:     7   Next: 52%
Magic:  14/14      EV: 12    Int: 17    God:    Vehumet [......]
Gold:   261        SH:  0    Dex: 10    Spells: 4 memorised, 4 levels left

rFire  . . .     SeeInvis .     b - 99 stones
rCold  . . .     Gourm    .     a - +0 robe
rNeg   + + .     Faith    .     (no shield)
rPois  ∞         Spirit   .     C - +2 helmet
rElec  +         Dismiss  .     (no cloak)
rCorr  .         Reflect  .     (no gloves)
SustAt .         Harm     .     (no boots)
MR     .....                    (no amulet)
Stlth  ++........               (no ring)
                                k - ring of positive energy (curse)

@: not resistant to hostile enchantments, unstealthy
A: negative energy resistance 1, electricity resistance, unbreathing,
petrification resistance, rot immunity, AC +4
a: Renounce Religion


You were on level 5 of the Dungeon.
You worshipped Vehumet.
Vehumet was noncommittal.
You were not hungry.

You visited 2 branches of the dungeon, and saw 6 of its levels.

You collected 261 gold pieces.

Inventory:

Hand Weapons
 j - a +3 dagger of electrocution
 A - a +0 hunting sling
 G - a +0 trident
 I - a +0 dagger of chaos
 J - a +2 dagger of chaos
 K - a +2 dagger of chaos
Missiles
 b - 99 stones (in hand)
 e - 21 arrows
Armour
 a - a +0 robe (worn)
 v - a +3 leather armour
 C - a +2 helmet (worn)
Jewellery
 k - a cursed ring of positive energy (left hand)
Wands
 y - a wand of acid (9/15)
 D - a wand of polymorph (9/24)
Scrolls
 h - a scroll of fog {unknown}
 m - 2 scrolls of enchant weapon {unknown}
 n - 2 scrolls of identify
 o - a scroll of recharging {unknown}
 p - 2 scrolls of teleportation {unknown}
 w - a scroll of noise {unknown}
 x - a scroll of fear {unknown}
 F - a scroll of random uselessness {unknown}
Potions
 i - 6 potions of curing
 l - a potion of cancellation {unknown}
 q - a potion of berserk rage {unknown}
 s - a potion of heal wounds {unknown}
 t - a potion of brilliance {unknown}
 z - 2 potions of resistance
 B - a potion of cure mutation {unknown}
 E - a potion of might {unknown}
 H - a potion of flight {unknown}
Books
 c - a book of Geomancy

   Spells                             Type                      Level
   a - Sandblast                      Earth                        1
   b - Passwall                       Transmutation/Earth          2
   c - Stone Arrow                    Conjuration/Earth            3
   d - Petrify                        Transmutation/Earth          4
   e - Lee's Rapid Deconstruction     Earth                        5
Comestibles
 d - 5 bread rations
 f - 3 meat rations
 g - 2 royal jellies
 r - 2 beef jerkies
 u - 6 chunks of flesh


   Skills:
 + Level 3.2 Fighting
 - Level 1.5 Dodging
 - Level 2.1 Stealth
 + Level 4.8 Spellcasting
 + Level 1.9 Conjurations
 - Level 0.7 Transmutations
 + Level 6.9 Earth Magic


You had 4 spell levels left.
You knew the following spells:

 Your Spells              Type           Power        Failure   Level  Hunger
a - Sandblast             Erth           ####..       1%          1    None
b - Passwall              Trmt/Erth      ###.......   4%          2    #......
c - Stone Arrow           Conj/Erth      ###...       10%         3    ###....
d - Lee's Rapid Deconstr  Erth           ####......   24%         5    ######.


Dungeon Overview and Level Annotations

Branches:
Dungeon (5/15)             Temple (1/1) D:4

Altars:
Cheibriados
Elyvilon
Gozag
Makhleb
Nemelex Xobeh
Okawaru
Qazlal
Ru
Sif Muna
Trog
Vehumet
Xom
Yredelemnul
The Shining One


Innate Abilities, Weirdness & Mutations

You are resistant to torment.
Your stone body is resilient (AC +4).
You are immune to poison.
You resist negative energy.
You are resistant to electric shocks.
You can survive without breathing.
You are immune to petrification.
You are immune to rotting.


Message History

Aiming: Sandblast
Press: ? - help, Shift-Dir - straight line, f - worker ant
Aim: a worker ant The rocky blast hits the worker ant.
You kill the worker ant!
Vehumet accepts your kill.
The centaur shoots an arrow.
The arrow hits you!
Casting: Sandblast
Confirm with . or Enter, or press ? or * to list all spells.
Okay, then.
The centaur shoots an arrow.
The arrow hits you but does no damage.
You see here an arrow.
Eat one of 7 chunks of flesh? (ye/n/q/i?) This raw flesh tastes terrible.
You continue eating.
The centaur shoots an arrow.
The arrow hits you!
* * * LOW HITPOINT WARNING * * *
x2 You continue eating.
Magic restored.
The centaur shoots an arrow.
The arrow hits you.
You die...

##.....##.#.# #.....##.#.#.
#.....##.#.#.. ##....##.#.#..
######....##.#.#.. ....
#####............#.#..#+
....######................#.#....
.............c............#.#....
...).........#.#@..#.#....#.#.#..
............##(###.#.##...#.#.'..
...........##(.#####..##..#.###..
..........##...........##.#......
.....c.(.(.(..♣..>..♣...+.#######
..........##...........## # #
.......c...##..#####..##
........##+###.# #.## ......$.#
#.# #.#


You could see a centaur.

Vanquished Creatures
  An ogre (D:5)
  A phantom (D:4)
  A quasit (D:5)
  A jelly (D:5)
  2 orc priests (D:4)
  An orc wizard (D:4)
  4 worker ants
  An iguana (D:4)
  Robin (D:3)
  6 adders
  3 worms
  3 dart slugs
  3 giant geckos
  16 orcs
  3 ball pythons (D:4)
  5 giant cockroaches
  17 goblins
  12 hobgoblins
  5 quokkas
  8 bats
  A giant gecko skeleton (D:4)
  4 giant newts
  4 kobolds
  8 rats
111 creatures vanquished.

Notes
Turn   | Place    | Note
--------------------------------------------------------------
     0 | D:1      | Yawgmoth the Gargoyle Earth Elementalist began the quest for the Orb.
     0 | D:1      | Reached XP level 1. HP: 10/10 MP: 3/3
   362 | D:1      | Reached XP level 2. HP: 16/16 MP: 5/5
   469 | D:1      | Learned a level 2 spell: Passwall
  1074 | D:1      | Reached skill level 1 in Fighting
  1146 | D:1      | Reached skill level 4 in Earth Magic
  1225 | D:1      | Reached XP level 3. HP: 20/20 MP: 3/6
  1666 | D:2      | Learned a level 3 spell: Stone Arrow
  2113 | D:2      | Reached XP level 4. HP: 26/26 MP: 5/8
  2183 | D:2      | Found a burning altar of Makhleb.
  3145 | D:3      | Reached skill level 5 in Earth Magic
  3145 | D:3      | Reached XP level 5. HP: 30/30 MP: 6/9
  3211 | D:3      | Noticed Robin
  3298 | D:3      | Killed Robin
  3337 | D:3      | Found an opulent altar of Gozag.
  3533 | D:3      | Found a deep blue altar of Sif Muna.
  3533 | D:3      | Found a sacrificial altar of Ru.
  3629 | D:3      | Found a bloodstained altar of Trog.
  3758 | D:4      | Noticed a phantom
  3770 | D:4      | Killed a phantom
  3770 | D:4      | Reached XP level 6. HP: 27/35 MP: 3/12
  3839 | D:4      | Learned a level 5 spell: Lee's Rapid Deconstruction
  3902 | D:4      | Reached skill level 6 in Earth Magic
  4027 | D:4      | Found a staircase to the Ecumenical Temple.
  4038 | Temple   | Entered the Ecumenical Temple
  4046 | Temple   | Became a worshipper of Vehumet
  4651 | D:4      | Reached skill level 1 in Conjurations
  4651 | D:4      | Reached XP level 7. HP: 26/40 MP: 8/13
  4799 | D:4      | Got a dazzling plate armour
  4857 | D:4      | Found a shimmering altar of Xom.
  4936 | D:4      | Identified the cursed +1 plate armour "Archet" {+Fly rN+ MR+} (You found it on level 4 of the Dungeon)
  4961 | D:5      | Entered Level 5 of the Dungeon
  5096 | D:5      | Shot with an arrow by a centaur

Vault maps used:
D:1:      enne_arrival_octagon_isle
D:2:      lemuel_doored_altar, kennysheep_flooded_box
D:3:      nicolae_gozag_seed_capital, lemuel_round_altar,
          gammafunk_temple_overflow_elements, fountainhead, uniq_robin
D:4:      tgw_xom, minmay_temple_entry_junction, first_bread
D:5:      gup_sewer_entry_bowl, hangedman_feature_mirror, grunt_ministairs_15,
          uniq_prince_ribbit1
Temple:   temple_eino_lava_8

Skill      XL: |  1  2  3  4  5  6  7 |
---------------+----------------------+-----
Fighting       | 1 2 3 |  3.2
Earth Magic    | 4 5 6 |  6.9
Spellcasting   | 3 4 |  4.8
Conjurations   | 1 |  1.9
Dodging        | |  1.5
Stealth        | |  2.1
Transmutations | |  0.7

Action                   |  1- 3 |  4- 6 |  7- 9 || total
-------------------------+-------+-------+-------++-------
Melee: Hand axe          |    45 |     5 |       ||    50
       Flail             |       |     5 |       ||     5
       Trident           |       |    19 |       ||    19
       Dagger            |       |     4 |       ||     4
 Fire: Hunting sling     |       |     3 |       ||     3
Throw: Stone             |     1 |     3 |     1 ||     5
 Cast: Sandblast         |    49 |   108 |    22 ||   179
  Use: Potion            |     2 |       |       ||     2
       Scroll            |       |       |     1 ||     1
 Stab: Sleeping          |     1 |     2 |       ||     3
  Eat: Chunk             |     4 |     8 |     2 ||    14
